 Dungeon Crawl Stone Soup version 0.29.1-15-g9cfb28693d (webtiles) character file.

Game seed: 13819040550715697296

50 Smoke131 the Firebug (level 3, 0/28 HPs)
             Began as a Draconian Fire Elementalist on Mar 4, 2023.
             Slain by a hobgoblin (2 damage)
             ... led by Robin
             ... on level 2 of the Dungeon.
             The game lasted 00:02:45 (1525 turns).

Smoke131 the Firebug (Draconian Fire Elementalist)  Turns: 1525, Time: 00:02:46

Health: 0/28       AC:  6    Str: 10    XL:     3   Next: 55%
Magic:  1/6        EV: 12    Int: 17    God:
Gold:   9          SH:  0    Dex: 11    Spells: 3/6 levels left

rFire   + . .      SeeInvis .   c - +0 dagger
rCold   + . .      Faith    .   (no shield)
rNeg    . . .      Spirit   .   (body armour unavailable)
rPois   +          Reflect  .   (helmet restricted)
rElec   +          Harm     .   (no cloak)
rCorr   +          Rampage  .   g - +0 pair of gloves
Will    .....                   (no boots)
Stlth   ++........              (no amulet)
HPRegen 0.09/turn               (no ring)
MPRegen 0.10/turn               (no ring)

@: resistant
A: AC +5, unfitting armour, cold-blooded
a: no special abilities


You were on level 2 of the Dungeon.
You visited 1 branch of the dungeon, and saw 2 of its levels.

You collected 9 gold pieces.

Inventory:

Hand Weapons
 c - a +0 dagger (weapon)
Armour
 g - a +0 pair of gloves (worn)
Scrolls
 b - a scroll of magic mapping {unknown}
 e - 3 scrolls of identify {unknown}
 f - a scroll of enchant armour {unknown}
Potions
 a - a potion of magic


   Skills:
 + Level 1.4 Fighting
 + Level 2.2 Dodging
 - Level 1.7 Stealth
 + Level 2.4 Spellcasting
 + Level 1.6 Conjurations
 + Level 3.3 Fire Magic


You had 3 spell levels left.
You knew the following spells:

 Your Spells              Type           Power      Damage    Failure   Level
a - Foxfire               Conj/Fire      40%        2x1d6     7%          1
b - Scorch                Fire           26%        2d6       7%          2

Your spell library contained the following spells:

 Spells                   Type           Power      Damage    Failure   Level
 Conjure Flame            Conj/Fire      10%        6-21      21%         3
 Inner Flame              Hex/Fire       7%         N/A       28%         3
 Flame Wave               Conj/Fire      10%        2d6       54%         4


Dungeon Overview and Level Annotations

Branches:
Dungeon (2/15)

Altars:

Annotations:
D:2 Robin


Innate Abilities, Weirdness & Mutations

Your plain brown scales are hard. (AC +5)
You cannot fit into any form of body armour.
You are cold-blooded and may be slowed by cold attacks.


Message History

Robin roars a battlecry!
The goblins go into a battle-frenzy!
You completely miss the hobgoblin. The goblin hits you with a +0 club.
The hobgoblin misses you.
Casting: Scorch (safe; 7% risk of failure)
Confirm with . or Enter, or press ? or * to list all spells.
Flames lash Robin.
Robin is moderately wounded.
Robin's fire resistance burns away.
The hobgoblin barely misses you. The goblin closely misses you.
Casting: Scorch (safe; 7% risk of failure)
Confirm with . or Enter, or press ? or * to list all spells.
Flames lash the goblin.
You kill the goblin!
The hobgoblin hits you but does no damage.
A goblin comes into view. It is wielding a +0 club.
You closely miss the hobgoblin. The hobgoblin hits you.
You hit the hobgoblin but do no damage. Your punch misses the hobgoblin.
Robin is no longer more vulnerable to fire.
The hobgoblin hits you.
* * * LOW HITPOINT WARNING * * *
Robin throws the goblin at you!
You completely miss the hobgoblin. The hobgoblin misses you.
The goblin hits you but does no damage.
You hit the goblin.
The goblin is heavily wounded.
The hobgoblin closely misses you. The goblin hits you with a +0 club.
* * * LOW HITPOINT WARNING * * *
It was a potion of resistance.
You feel protected.
The hobgoblin hits you but does no damage.
The goblin completely misses you.
Casting: Scorch (safe; 7% risk of failure)
Confirm with . or Enter, or press ? or * to list all spells.
Okay, then.
Unknown command.
You hit the goblin.
You kill the goblin!
The hobgoblin hits you.
You die...

#.# ### #.# ##
#.# #.# .. #.#
#######g#.#.###
#.#
#..))gg.gg....#
#.#
#.#########g#.#
#.# #†# #.# #.#
#.####.#
#..)@gg#
######.# ###


You could see Robin and a hobgoblin (strong).

Vanquished Creatures
  A dart slug (D:1)
  2 ball pythons (D:1)
  3 bats
  5 endoplasms
  9 goblins
  8 hobgoblins
  4 jackals (D:1)
  A quokka (D:2)
  2 frilled lizards (D:1)
  2 kobolds (D:1)
  4 rats
41 creatures vanquished.

Vanquished Creatures (others)
  62 foxfires
62 creatures vanquished.

Grand Total: 103 creatures vanquished

Notes
Turn   | Place    | Note
-------+----------+-------------------------------------------
     0 | D:1      | Smoke131 the Draconian Fire Elementalist began the quest
                  | for the Orb.
     0 | D:1      | Reached XP level 1. HP: 14/14 MP: 3/3
   163 | D:1      | Reached XP level 2. HP: 22/22 MP: 0/5
   177 | D:1      | Learned a level 2 spell: Scorch
   455 | D:1      | Reached skill level 1 in Fighting
   992 | D:1      | Reached XP level 3. HP: 25/28 MP: 2/6
  1109 | D:1      | Found a faded altar of an unknown god.
  1476 | D:2      | Noticed Robin
  1525 | D:2      | Slain by a hobgoblin

Illustrated notes

Levels and vault maps discovered:
D:1:      spicycebolla_green_bress_n_ham_2, layout_basic,
          shapermc_ecumenical_altar_notcrosses
D:2:      layout_basic, minmay_tall_x, uniq_robin, uniq_sigmund, uniq_terence

Skill      XL: |  1  2 |
---------------+-------+-----
Dodging        | 2 |  2.2
Fighting       | 1 |  1.4
Stealth        | |  1.7
Spellcasting   | |  2.4
Conjurations   | |  1.6
Fire Magic     | |  3.3

Action                   || total
-------------------------++-------
Melee: Dagger            ||   106
       Unarmed           ||     2
       Tailslap          ||     9
 Cast: Foxfire           ||    38
       Scorch            ||     4
  Use: Potion            ||     1
 Stab: Distracted        ||     1
Armor: Skin              ||    44
Dodge: Dodged            ||    92
